Map: [TLMC19] Gold Dust

Players

HonMonO - Winner!

  • Race: Terran Terran
  • League: Master
  • Spawn Location: 5:00

Krystianer

  • Race: Protoss Protoss
  • Spawn Location: 9:00

VOD

Have the link to the VOD?

Description

Time

  • Played on: Dec. 19, 2023, 7:30 a.m.
  • Length: 12:52
Show
View Real Time Build Order
Export as new Build Order

HonMonO Terran - Winner!

Build Orders:  

Get SALT Encoding   

  12  0:00  SCV  
  13  0:12  SCV  
  14  0:17  Supply Depot  
  14  0:24  SCV  
  15  0:39  SCV, Barracks  
  16  0:44  Refinery  
  16  0:51  SCV  
  17  1:00  Supply Depot  
  17  1:03  SCV  
  18  1:15  SCV  
  19  1:26  Marine  
  19  1:27  Orbital Command  
  20  1:45  Barracks Reactor  
  20  1:54  Command Center  
  20  1:55  SCV  
  21  2:07  SCV  
  22  2:15  Factory  
  22  2:19  SCV  
  22  2:22  Marine x2  
  24  2:24  Bunker  
  25  2:31  SCV  
  25  2:32  Barracks  
  26  2:40  Marine x2  
  26  2:43  SCV  
  29  2:49  Barracks  
  29  2:55  SCV  
  30  3:02  Refinery  
  30  3:07  Orbital Command  
  30  3:11  SCV  
  31  3:14  Hellion  
  31  3:18  Hellion  
  35  3:20  Barracks Tech Lab  
  35  3:23  Barracks Tech Lab  
  35  3:25  SCV  
  36  3:30  Supply Depot  
  36  3:33  SCV  
  37  3:37  Barracks Reactor  
  37  3:38  SCV  
  38  3:46  Siege Tank  
  38  3:47  Marine  
  38  3:48  Marine  
  43  3:52  Stimpack  
  43  3:54  SCV  
  43  3:55  SCV  
  45  3:58  Marine  
  46  4:06  Supply Depot, SCV  
  46  4:07  SCV, Marine x2  
  50  4:16  Marine  
  49  4:18  SCV, Marine  
  49  4:19  SCV, Marine  
  53  4:24  Engineering Bay  
  53  4:28  Siege Tank  
  53  4:29  Marine  
  57  4:31  Marine  
  57  4:32  SCV  
  57  4:34  SCV  
  57  4:35  Marine  
  61  4:40  Marine  
  62  4:50  SCV x2  
  62  4:51  Supply Depot, Marine x2  
  66  4:57  Marine  
  66  4:59  Terran Infantry Weapons Level 1  
  65  5:01  Siege Tank  
  65  5:02  SCV x2  
  70  5:12  Supply Depot, Marine  
  70  5:13  Marine x2  
  73  5:14  SCV x2  
  73  5:16  Marine  
  76  5:22  Supply Depot x2, Marauder  
  78  5:30  SCV, Marine  
  78  5:31  Combat Shield  
  78  5:32  SCV, Marine  
  78  5:37  Siege Tank  
  78  5:38  Marine x2  
  78  5:42  SCV  
  84  5:46  SCV  
  85  5:50  Marine x2  
  85  5:51  Marauder  
  85  5:54  SCV  
  85  5:56  Marine  
  91  5:58  SCV  
  91  6:00  Marine  
  90  6:06  SCV  
  90  6:08  Marine  
  90  6:10  SCV, Marine  
  94  6:14  Siege Tank  
  94  6:16  Marine  
  98  6:19  SCV  
  99  6:29  Marine, Missile Turret, Marauder  
  102  6:35  SCV  
  102  6:38  SCV  
  102  6:45  Marine  
  102  6:46  Marine x2  
  99  6:49  SCV, Marine  
  99  6:52  Marine  
  93  7:00  Siege Tank  
  90  7:03  Marine x2  
  90  7:05  Marine  
  90  7:06  SCV  
  90  7:07  SCV  
  95  7:09  Bunker  
  95  7:11  Marauder  
  97  7:17  Marine  
  97  7:21  Marine x2  
  100  7:24  Marine  
  100  7:28  SCV  
  102  7:33  Marine  
  100  7:38  Marine  
  100  7:39  Marine  
  100  7:42  Marine x2  
  102  7:51  Marine  
  100  7:56  Marine  
  100  7:57  Marine  
  91  8:00  SCV, Marine x2  
  91  8:04  Siege Tank  
  95  8:06  SCV  
  95  8:08  Marine  
  97  8:14  SCV, Marine x2  
  97  8:17  Marine  
  97  8:18  SCV, Marine  
  102  8:24  Starport  
  102  8:25  Command Center  
  102  8:32  SCV  
  102  8:33  SCV  
  102  8:35  Marine  
  102  8:37  Marine  
  102  8:39  Marine x2  
  101  8:43  Concussive Shells  
  101  8:44  Supply Depot, Marine  
  101  8:45  Supply Depot  
  101  8:46  Terran Infantry Armor Level 1  
  102  8:51  SCV x2  
  100  9:03  Marine x2  
  100  9:06  Marine, Marauder  
  100  9:08  SCV  
  104  9:20  SCV  
  104  9:23  SCV  
  103  9:28  Marine  
  97  9:32  SCV  
  97  9:35  SCV  
  98  9:45  Orbital Command, Marauder  
  98  9:47  SCV  
  98  9:48  Missile Turret  
  98  9:49  Missile Turret  
  98  9:50  Barracks Tech Lab, SCV  
  99  9:54  Marine  
  99  9:58  Marine  
  99  9:59  SCV  
  98  10:04  Viking x2  
  102  10:08  Refinery  
  102  10:09  SCV  
  102  10:11  Siege Tank, Marauder x2  
  102  10:13  SCV, Barracks  
  108  10:14  Marine, Barracks  
  108  10:16  Marine  
  95  10:25  SCV  
  95  10:31  SCV  
  95  10:32  Marine, Marauder  
  95  10:34  Marauder  
  95  10:35  Viking x2  
  105  10:39  SCV  
  105  10:40  Marine  
  105  10:41  Orbital Command  
  107  10:48  SCV  
  108  10:51  SCV, Siege Tank  
  108  10:54  Marauder  
  108  10:55  Marine, Marauder  
  117  10:59  Armory  
  117  11:01  Barracks Tech Lab, SCV, Marine  
  119  11:09  Missile Turret  
  119  11:10  Bunker  
  119  11:16  Refinery  
  119  11:17  Marine, Marauder  
  119  11:18  SCV, Refinery  
  124  11:21  Viking  
  124  11:24  Viking  
  128  11:28  Marauder, Barracks Reactor  
  128  11:30  Bunker  
  128  11:31  SCV x2  
  131  11:36  Marauder  
  133  11:41  Ghost Academy  
  133  11:50  Siege Tank, Marine x2, Marauder  
  133  11:52  SCV, Command Center  
  141  12:00  Supply Depot  
  141  12:01  Supply Depot  
  141  12:11  SCV, Marine, Marauder, Medivac  
  141  12:12  Marauder  
  141  12:13  Supply Depot  
  149  12:21  Supply Depot, SCV, Marine x3, Marauder, Medivac  
  149  12:22  Supply Depot  
  157  12:23  SCV  
  158  12:30  SCV  
  158  12:34  SCV  
Show
View Real Time Build Order
Export as new Build Order

Krystianer Protoss 

Build Orders: 1 Gate Expand, Colossus Rush 

Get SALT Encoding   

  12  0:00  Probe  
  13  0:12  Probe  
  14  0:17  Pylon  
  14  0:24  Probe (Chrono Boost)  
  15  0:37  Probe (Chrono Boost)  
  15  0:38  Gateway  
  16  0:43  Probe (Chrono Boost)  
  16  0:45  Assimilator  
  17  0:52  Probe  
  18  1:04  Probe  
  19  1:16  Probe  
  20  1:25  Nexus  
  20  1:34  Cybernetics Core  
  20  1:37  Probe  
  21  1:43  Assimilator  
  21  1:49  Probe  
  21  1:53  Pylon  
  22  2:01  Probe  
  23  2:09  Adept (Chrono Boost)  
  23  2:13  Probe  
  25  2:16  Robotics Facility  
  25  2:19  Warp Gate  
  25  2:25  Probe (Chrono Boost)  
  26  2:31  Adept (Chrono Boost)  
  29  2:37  Probe (Chrono Boost)  
  29  2:43  Probe (Chrono Boost)  
  30  2:46  Probe (Chrono Boost)  
  31  2:54  Shield Battery  
  31  2:57  Sentry (Chrono Boost)  
  34  3:02  Immortal (Chrono Boost)  
  36  3:08  Probe  
  36  3:11  Probe  
  38  3:21  Probe  
  38  3:23  Probe  
  40  3:33  Probe  
  41  3:34  Robotics Bay  
  41  3:35  Probe  
  42  3:43  Warp Prism  
  42  3:45  Probe  
  45  3:50  Pylon  
  45  3:53  Probe  
  46  4:03  Pylon  
  46  4:08  Probe x2  
  46  4:09  Gateway  
  45  4:18  Gravitic Drive  
  45  4:20  Probe x2  
  45  4:21  Colossus (Chrono Boost)  
  53  4:32  Probe  
  53  4:34  Probe  
  55  4:42  Pylon  
  55  4:44  Probe  
  56  4:46  Probe  
  57  4:56  Probe  
  57  4:58  Probe  
  59  5:06  Stalker  
  62  5:07  Stalker, Observer  
  62  5:09  Probe  
  62  5:11  Nexus, Probe  
  66  5:17  Pylon  
  66  5:21  Probe  
  66  5:23  Probe  
  68  5:31  Colossus (Chrono Boost)  
  76  5:39  Gateway  
  76  5:40  Gateway  
  76  5:42  Pylon, Probe  
  75  5:43  Probe  
  74  5:50  Zealot x2  
  74  5:53  Shield Battery  
  78  6:02  Probe  
  79  6:04  Probe  
  80  6:14  Probe, Immortal (Chrono Boost)  
  80  6:16  Twilight Council  
  85  6:19  Gateway, Probe  
  85  6:23  Zealot x2  
  90  6:27  Probe  
  91  6:39  Zealot x2  
  95  6:41  Immortal (Chrono Boost)  
  97  6:51  Zealot x2  
  97  6:53  Probe  
  83  7:04  Gateway  
  83  7:05  Zealot x2  
  83  7:07  Gateway  
  87  7:09  Pylon, Colossus (Chrono Boost)  
  87  7:11  Pylon  
  87  7:13  Zealot x2  
  96  7:22  Pylon  
  94  7:23  Pylon  
  93  7:40  Zealot x4  
  85  8:01  Zealot x3  
  87  8:08  Gateway  
  87  8:10  Gateway  
  85  8:14  Pylon  
  85  8:17  Pylon  
  83  8:22  Zealot x3  
  87  8:32  Probe  
  78  8:42  Gateway  
  78  8:45  Zealot x2, Gateway  
  79  8:50  Pylon  
  79  8:51  Pylon  
  77  9:05  Zealot  
  77  9:07  Nexus  
  77  9:28  Zealot x2  
  55  9:37  Cybernetics Core  
  55  9:38  Zealot, Probe  
  47  9:41  Pylon  
  47  9:44  Zealot  
  50  9:51  Probe  
  49  9:55  Zealot x2  
  51  10:00  Zealot  
  51  10:03  Probe  
  51  10:09  Zealot  
  53  10:15  Probe  
  53  10:20  Probe  
  51  10:27  Probe  
  52  10:32  Twilight Council, Probe  
  53  10:39  Probe  
  53  10:42  Stalker x3  
  58  10:48  Zealot  
  63  10:59  Charge (Chrono Boost)  
  63  11:02  Gateway  
  61  11:04  Gateway  
  61  11:06  Gateway  
  61  11:14  Dark Shrine  
  61  11:15  Assimilator  
  61  11:19  Assimilator, Probe  
  61  11:21  Probe  
  63  11:29  Zealot x2  
  63  11:31  Probe  
  63  11:32  Zealot  
  70  11:36  Zealot  
  70  11:38  Probe  
  73  11:44  Probe  
  73  11:47  Pylon  
  74  11:50  Probe  
  74  11:52  Zealot x2  
  78  12:01  Probe  
  78  12:02  Probe  
  78  12:08  Zealot x3  
  86  12:12  Pylon  
  86  12:24  Probe  
  86  12:26  Probe  
  86  12:27  Pylon  
  88  12:31  Dark Templar x2  
  88  12:36  Probe  
  89  12:42  Zealot x4  
Tags
 
Add a new tag
Caveats
  • Supply blocks, unpowered buildings, or Contaminate may cause inaccurate times.
  • Supply counts are checked every 10 seconds.